 Dungeon Crawl Stone Soup version 0.32-a0-120-gfac0567ad4 (webtiles) character file.

Game seed: 9047146733630406214

1324664 jboons the Purifying Djinni (level 27, 189/189 HPs)
             Began as a Djinni Hexslinger on Feb 6, 2024.
             Was a High Priest of Elyvilon.
             Escaped with the Orb
             ... and 3 runes on Feb 7, 2024!
             The game lasted 05:28:42 (119008 turns).

jboons the Purifying Djinni (Djinni Hexslinger)   Turns: 119008, Time: 05:28:43

Health: 189/189    AC: 18    Str:  8    XL:     27
Gold:   2648       EV: 19    Int: 26    God:    Elyvilon [*****.] SH: 19 Dex: 26

rFire   + + +        a - staff of cold {!a}
rCold   + + +        Y - +5 kite shield of the Flute {Dex+2}
rNeg    . . .        t - +4 robe of Eloust {rC++ Dex+3}
rPois   ∞            V - +2 helmet
rElec   +            P - +2 cloak {Will+}
rCorr   .            D - +1 pair of gloves of Mycalisoe {Str+5}
SInv    +            (boots unavailable)
Will    +++..        G - amulet of Inlacahu {rF+ rC+ Regen+ SInv}
Stlth   +            z - ring of Lyadutov {rElec Dex+2 SInv Stlth+}
HPRegen 1.31/turn    o - +4 ring of protection
MPRegen 0.00/turn

%: no passive effects
@: flying, studying 2 skills
A: sickness immunity, fire resistance 2, cold vulnerability 1, float, innate
caster, HP casting, extra vitality 1, frail 1, weak 2, persistent drain
0: Orb of Zot
}: 3/15 runes: decaying, abyssal, gossamer
a: Renounce Religion, Purification, Heal Other, Heal Self, Divine Vigour


You escaped.
You worshipped Elyvilon.
Elyvilon was extremely pleased with you.
You visited 10 branches of the dungeon, and saw 47 of its levels.
You visited the Abyss 1 time.
You visited 1 bazaar.

You collected 10977 gold pieces.
You spent 8329 gold pieces at shops.

Inventory:

Hand Weapons
 b - a +5 hand cannon of flaming
 T - the +12 dagger of Wavvi {freeze, rElec}
   (You found it on level 5 of the Dungeon)

   rElec:     It insulates you from electricity.
Missiles
 A - 5 throwing nets
Armour
 t - the +4 robe of Eloust (worn) {rC++ Dex+3}
   (You took it off a guardian mummy on level 4 of the Realm of Zot)

   Dex+3:     It affects your dexterity (+3).
   rC++:      It greatly protects you from cold.
 D - the +1 pair of gloves of Mycalisoe (worn) {Str+5}
   (You found it on level 6 of the Dungeon)

   Str+5:     It affects your strength (+5).
 P - a +2 cloak of willpower (worn)
 V - a +2 helmet (worn)
 Y - the +5 kite shield of the Flute (worn) {Dex+2}
   (You found it on level 3 of the Depths)

   Dex+2:     It affects your dexterity (+2).
 Z - the +0 robe of the Merwolf {Will++ Archmagi}
   (You took it off a deep elf master archer on level 3 of the Elven Halls)

   Will++:    It greatly increases your willpower.
   Archmagi:  It increases the power of your magical spells.
Magical Staves
 a - a staff of cold (weapon) {!a}
Jewellery
 c - a +6 ring of strength
 f - the ring "Yca Jous" {rF+ Dex+3}
   (You took it off a deep elf blademaster on level 3 of the Elven Halls)

   [ring of protection from fire]

   Dex+3:     It affects your dexterity (+3).
   rF+:       It protects you from fire.
 l - a ring of protection from cold
 o - a +4 ring of protection (right hand)
 z - the ring of Lyadutov (left hand) {rElec Dex+2 SInv Stlth+}
   (You bought it in a shop on level 2 of the Orcish Mines)

   [ring of see invisible]

   Dex+2:     It affects your dexterity (+2).
   rElec:     It insulates you from electricity.
   SInv:      It lets you see invisible.
   Stlth+:    It makes you more stealthy.
 G - the amulet of Inlacahu (around neck) {rF+ rC+ Regen+ SInv}
   (You found it on level 3 of the Vaults)

   [amulet of regeneration]

   rF+:       It protects you from fire.
   rC+:       It protects you from cold.
   SInv:      It lets you see invisible.
   Regen+:    It increases your rate of health regeneration.
Wands
 q - a wand of light (19)
 u - a wand of iceblast (27)
 L - a wand of paralysis (33)
 M - a wand of flame (36)
 R - a wand of digging (16)
 W - a wand of mindburst (12)
Scrolls
 g - 4 scrolls of silence
 j - 6 scrolls of poison
 n - 6 scrolls of fog
 p - 19 scrolls of teleportation
 s - a scroll of blinking
 v - 5 scrolls of fear
 w - 3 scrolls of butterflies
 y - a scroll of enchant armour
 B - 11 scrolls of vulnerability
 I - a scroll of enchant weapon
 K - 7 scrolls of immolation
Potions
 d - 8 potions of brilliance
 e - 8 potions of attraction
 h - 16 potions of curing
 m - 4 potions of invisibility
 r - 10 potions of lignification
 x - 4 potions of cancellation
 E - 3 potions of heal wounds
 F - 11 potions of resistance
 J - 5 potions of might
 O - 3 potions of enlightenment
 U - 2 potions of mutation
 X - 8 potions of berserk rage
Miscellaneous
 C - a lightning rod (4/4)
 H - a sack of spiders
 N - a tin of tremorstones (2/2)
 Q - a phial of floods
 S - a phantom mirror


   Skills:
 - Level 22.0 Fighting
 - Level 4.0 Short Blades
 - Level 4.1 Ranged Weapons
 - Level 10.0 Dodging
 - Level 10.0 Shields
 - Level 23.2 Spellcasting
 - Level 23.2 Conjurations
 - Level 23.2 Hexes
 - Level 23.2 Summonings
 - Level 23.2 Necromancy
 - Level 23.2 Translocations
 - Level 23.2 Fire Magic
 - Level 23.2 Ice Magic
 - Level 23.2 Air Magic
 - Level 23.2 Earth Magic
 - Level 23.2 Alchemy
 O Level 27 Invocations
 + Level 21.0 Evocations


You knew the following spells:

 Your Spells              Type           Power      Damage    Failure   Level
a - Plasma Beam           Fire/Air       50%        2x1d65    1%          6
b - Starburst             Conj/Fire      50%        6d14      1%          6
c - Inner Flame           Hex/Fire       100%       N/A       0%          3
d - Fulminant Prism       Conj/Alch      50%        3d22      0%          4
e - Dimensional Bullseye  Hex/Tloc       50%        N/A       0%          4
f - Metabolic Englaciati  Hex/Ice        61%        N/A       0%          5
g - Silence               Hex/Air        50%        N/A       0%          5
h - Lesser Beckoning      Tloc           100%       N/A       0%          2
i - Magic Dart            Conj           100%       1d8       0%          1
j - Jinxbite              Hex            100%       N/A       0%          2
l - Static Discharge      Conj/Air       100%       3-8/arc   0%          2
m - Monstrous Menagerie   Summ           50%        N/A       1%          7
n - Maxwell's Capacitive  Air            50%        ∞         1%          8
F - Cause Fear            Hex            50%        N/A       0%          4
I - Sigil of Binding      Hex            100%       N/A       0%          3
X - Death's Door          Necr           50%        N/A       30%         9
Y - Infestation           Necr           50%        N/A       1%          8
Z - Death Channel         Necr           50%        N/A       1%          6
Your spell library was empty.

Dungeon Overview and Level Annotations

Branches:
Dungeon (15/15)            Temple (0/1) D:5            Lair (5/5) D:9
  Swamp (4/4) Lair:3       Spider (4/4) Lair:3        Slime (0/5) Lair:5
    Orc (2/2) D:12            Elf (3/3) Orc:2        Vaults (4/5) D:14
  Crypt (1/3) Vaults:3     Depths (4/4) D:15            Zot (5/5) Depths:4

Altars:
Ashenzari
Elyvilon
Fedhas
Hepliaklqana
Nemelex Xobeh
Xom
Yredelemnul
Zin
Jiyva
Lugonu

Shops:
D:2 *   D:10 **   D:12 =   Orc:2 *[*=   Elf:2 (   Elf:3 [   Vaults:2 ?
Vaults:4 :   Depths:1 ?(   Depths:3 !

Portals:
Hell: Depths:1 Depths:2 Depths:3 Depths:4
Abyss: Lair:5 Depths:3
Pandemonium: Depths:2
Ziggurat: Depths:1

Annotations:
D:2 Terence
D:3 1 runed translucent door, Crazy Yiuf
Swamp:2 1 runed translucent door, Azoth's ghost, adept TeGl
Elf:2 6 runed translucent doors, Azoth's ghost, adept KoHu
Crypt:1 Boris
Depths:1 3 runed translucent doors, Heckotz's ghost, veteran DEHs
Depths:4 6 runed translucent doors
Zot:1 exclusion: downstairs
Zot:3 2 transporters
Zot:4 8 runed translucent doors


Innate Abilities, Weirdness & Mutations

You are immune to sickness and miasma.
You are immune to poison.
Your flesh is very heat resistant. (rF++)
You are vulnerable to cold. (rC-)
You float through the air rather than walking.
You learn spells naturally, not from books.
Your magical power is your life essence.
You have superior vitality. (+4 MHP)
You are frail. (-10% HP)
You are very weak. (Str -4)
Your health recovers twice as slowly from being drained.


Message History

An Orb Guardian comes into view.
There is a stone staircase leading down here.
The Orb Guardian moves out of view.
There is a stone staircase leading up here.
You fly upwards.
There is a stone staircase leading down here.
There is a stone staircase leading up here.
You fly upwards.
There is a stone staircase leading down here.
Unknown command.
Unknown command.
You enter a teleport trap!
The teleport trap disappears.
Your surroundings seem slightly different.
HP restored.
You see here a +0 dagger.
There is a stone staircase leading up here.
You fly upwards.
There is a stone staircase leading down here.
There is a stone staircase leading up here.
You fly upwards.
Level annotation: 1 runed translucent door, Crazy Yiuf
There is a stone staircase leading down here.
You see here a ball python skeleton.
There is a stone staircase leading up here.
You fly upwards.
Level annotation: Terence
There is a stone staircase leading down here.
There is an escape hatch in the ceiling here.
A mysterious force pulls you upwards. The hatch slams shut behind you.
You see here an amulet of magic regeneration.
Aiming: Dig
Press: ? - help, Shift-Dir - straight line You can't see that place. [a rock wall.]
The rock shatters into small pieces.
Things that are here:
2 stones; a +0 short sword You see here a ball python skeleton.
There is a staircase leading out of the dungeon here.
You have escaped!

##.# ♣.♣♣
##>....# #
##..# ♣♣.♣
##.......
####...#
♣.♣♣
#........
'......#
♣.♣♣
#........
####...#
♣♣.♣
#........ #
##..# ♣.♣
##.......
##.# ♣♣.♣♣
##.....# #.#
♣...♣
##...## #.#
♣.@.♣
######+#..
#.# ♣...♣
#...##.#.#
######.#
♣♣.♣♣
###.##.#.#
.......#
♣♣.♣♣
####.##)#.#
########
♣.♣♣
#..........
♣♣.♣
♣#..#.......
♣♣.♣♣
#.....#..).#
♣..♣
♣#######(#.#
#..# #.#..


There were no monsters in sight!

Vanquished Creatures
  A seraph (Depths:4)
  7 orbs of fire
  6 dread liches (Zot:5)
  3 ancient liches
  Mara (Elf:3)
  2 juggernauts (Depths:4)
  Xtahua (Vaults:3)
  Boris (Vaults:3)
  5 Killer Klowns
  2 pandemonium lords
  5 caustic shrikes (Depths:4)
  The ghost of Jyghoireu the Warrior, a veteran HOMo of Ru (Vaults:3)
  11 golden dragons
  Nikola (Spider:3)
  A bone dragon (Abyss:3)
  6 electric golems
  Arachne (Spider:4)
  Zenata (Vaults:3)
  A Hell Sentinel (Zot:2)
  4 liches
  Jorgrun (Orc:1)
  Mlioglotl (Lair:3)
  A titan (Depths:4)
  13 tentacled monstrosities
  A walking divine tome (Depths:3)
  Asterion (Elf:1)
  27 Orb Guardians
  3 quicksilver dragons
  5 sphinxes
  2 deep elf master archers (Elf:3)
  A deep elf blademaster (Elf:3)
  An ancient champion (Vaults:3)
  11 death cobs
  2 tentacled starspawn (Abyss:3)
  2 Executioners (Abyss:3)
  10 storm dragons
  Frances (Spider:1)
  2 tengu reavers
  Roxanne (Spider:1)
  A revenant (Crypt:1)
  2 thorn hunters (Swamp:4)
  10 draconian monks
  7 shadow dragons
  7 protean progenitors
  7 fire giants
  12 draconian knights
  3 emperor scorpions
  A fenstrider witch (Swamp:3)
  8 draconian shifters
  2 frost giants
  5 deep elf sorcerers
  3 draconian scorchers
  7 deep elf elementalists (Elf:3)
  11 ghost moths
  12 vault wardens
  A demonspawn corrupter (Zot:5)
  7 draconian stormcallers
  An orc warlord (Vaults:3)
  2 broodmothers (Spider:3)
  2 ghouls (Swamp:4)
  An ophan (Abyss:3)
  13 ironbound preservers
  9 vampire knights
  6 ironbound thunderhulks
  29 very ugly things
  8 draconian annihilators
  A hydra skeleton (Swamp:4)
  10 green draconians
  A formless jellyfish (Vaults:2)
  4 deep elf annihilators (Elf:3)
  4 eleionomae
  13 stone giants
  2 war gargoyles (Vaults:4)
  21 black draconians
  2 deep elf demonologists
  12 white draconians
  7 deep elf death magi (Elf:3)
  A spectral titan (Vaults:3)
  12 spark wasps
  10 red draconians
  14 yellow draconians
  7 purple draconians
  2 bunyips
  7 dire elephants
  6 ettins
  16 fire dragons
  4 shambling mangroves
  An eidolon (Abyss:3)
  Josephine (Orc:2)
  5 entropy weavers
  2 jiangshi (Vaults:3)
  3 deep elf high priests
  10 yaktaur captains
  11 ice dragons
  A fenstrider witch zombie (Crypt:1)
  5 rakshasas
  11 great orbs of eyes
  10 vault guards
  3 jorogumos
  A death knight (Vaults:3)
  9 alligators
  16 hydras
  A spectral human (Vaults:3)
  4 peacekeepers
  2 spriggan air magi (Depths:2)
  6 ghost crabs
  22 two-headed ogres
  11 boulder beetles
  10 ironbound frosthearts
  6 ogre magi
  5 radroaches
  9 centaur warriors
  A spectral stone giant (Vaults:3)
  A satyr (Abyss:3)
  2 deep troll shamans (Depths:4)
  3 anacondas (Zot:5)
  5 death scarabs (Spider:4)
  5 tengu warriors
  8 death yaks
  7 deep troll earth magi
  21 dancing weapons
  5 orc high priests (Orc:2)
  5 vampire magi
  2 occultists (Depths:2)
  4 demonic crawlers
  4 thrashing horrors
  Urug (D:14)
  6 spriggan berserkers
  A sun demon (D:11)
  2 skeletal warriors (Crypt:1)
  9 deep elf knights
  10 hell knights
  2 skysharks (Lair:4)
  2 wretched stars (Abyss:3)
  A spectral yaktaur (Vaults:3)
  2 spatial maelstroms (Abyss:4)
  32 deep trolls
  2 shadow wraiths (Abyss:3)
  Sonja (D:13)
  8 iron trolls
  A bunyip zombie (Abyss:3)
  7 orb spiders
  15 pharaoh ants
  4 sixfirhies
  7 goliath frogs
  An orb spider (shapeshifter) (Vaults:2)
  4 arcanists
  6 swamp dragons
  A sea snake (shapeshifter) (Depths:2)
  7 spriggan druids
  7 glowing orange brains
  A shadow demon (Zot:5)
  2 spectral hydras (Swamp:4)
  5 bog bodies
  4 flayed ghosts
  2 starcursed masses (Abyss:4)
  19 ironbound convokers
  Pikel (D:7)
  A broodmother zombie (Spider:4)
  9 harpies
  12 deep elf archers
  2 orc knights
  27 deep elf pyromancers
  2 nameless horrors
  A lightning spire (Zot:3)
  8 large abominations
  An obsidian statue (Zot:5)
  A phantasmal warrior (Vaults:4)
  2 spectral wolf spiders (Spider:4)
  6 lindwurms
  9 steelbarb worms
  19 wolf spiders
  5 necromancers
  A wolf spider zombie (Spider:4)
  2 orc sorcerers
  3 oklob plants (Swamp:4)
  21 deep elf zephyrmancers
  3 manticores
  An elephant (shapeshifter) (Elf:2)
  5 cyclopes
  45 moths of wrath
  3 worldbinders (Abyss:3)
  14 elephants
  A will-o-the-wisp (Lair:3)
  35 ugly things
  A meliai (shapeshifter) (Elf:2)
  10 meliai
  7 black mambas
  Maurice (D:7)
  13 vault sentinels
  3 apocalypse crabs
  An eye of devastation (shapeshifter) (Elf:1)
  4 smoke demons
  A centaur skeleton (Crypt:1)
  3 torpor snails
  10 cane toads
  3 water nymphs (Zot:4)
  A rime drake (shapeshifter) (D:14)
  2 orange demons
  Maggie (Lair:2)
  2 spectral redbacks (Spider:4)
  A gargoyle (D:11)
  Jeremiah (D:7)
  An unseen horror (D:12)
  2 efreet
  A rime drake (Lair:1)
  4 guardian mummies (Zot:4)
  5 komodo dragons
  4 redback zombies (Spider:4)
  A tormentor (Depths:2)
  31 yaktaurs
  A freezing wraith (Crypt:1)
  2 ice devils (D:12)
  2 tengu conjurers (Depths:1)
  A bloated husk (Swamp:4)
  2 ancient zymes
  2 red devils
  A troll (shapeshifter) (D:11)
  2 queen bees (shapeshifter)
  5 trolls
  24 tarantellas
  2 spectral tarantellas (Spider:4)
  16 tyrant leeches
  A culicivora zombie (Spider:4)
  2 polar bears (Lair:3)
  32 blink frogs
  2 raiju (Lair:5)
  15 hornets
  A spectral culicivora (Spider:4)
  A jumping spider zombie (Spider:4)
  3 glass eyes
  An iron dragon simulacrum (Abyss:4)
  10 dream sheep
  A human simulacrum (Vaults:3)
  10 wraiths
  32 jumping spiders
  A wyvern (Lair:3)
  28 culicivoras
  8 spriggans
  2 air elementals (Elf:1)
  8 water elementals
  Eustachio (D:6)
  A shadow (D:10)
  44 slime creatures
  2 fire elementals
  16 humans (D:14)
  A yak (shapeshifter) (D:15)
  2 ynoxinuls
  3 basilisks
  27 vampire mosquitoes
  6 golden eyes
  42 yaks
  12 wargs
  57 redbacks
  A yaktaur simulacrum (Vaults:3)
  4 neqoxecs
  5 spatial vortices (Abyss:4)
  3 steam dragons
  Menkaure (D:7)
  5 chaos spawn
  A swamp worm (shapeshifter) (D:15)
  4 hydra simulacra (Swamp:4)
  13 swamp worms
  An acid dragon (D:11)
  15 water moccasins
  A swamp drake (Swamp:4)
  3 swamp dragon zombies (Swamp:4)
  A water nymph skeleton (Crypt:1)
  16 orc warriors
  A sky beast (D:7)
  An ettin simulacrum (Abyss:4)
  2 ice beasts (D:8)
  7 laughing skulls
  2 black bears
  13 ogres
  11 small abominations
  5 boggarts (Vaults:1)
  3 wolves
  2 swamp dragon skeletons (Swamp:4)
  6 centaurs
  2 phantoms
  A weeping skull (Abyss:3)
  2 kobold brigands
  8 bullfrogs
  2 earth elementals (Elf:1)
  A gnoll sergeant (D:7)
  2 scorpions
  19 wights
  15 killer bees
  6 howler monkeys
  2 electric eels (D:12)
  An iron imp (Abyss:3)
  4 jellies
  2 bombardier beetles
  3 hounds (D:6)
  5 quasits
  21 orc priests
  A gnoll bouda (D:7)
  2 iguanas
  Jessica (D:3)
  2 sleepcaps
  19 orc wizards
  23 gnolls
  8 adders
  2 swamp drake zombies (Swamp:4)
  2 shadow imps
  A white imp (D:5)
  2 ufetubi (D:6)
  2 dart slugs (D:1)
  2 ribbon worms
  85 orcs
  8 bats
  3 endoplasms
  5 giant cockroaches
  10 goblins
  7 hobgoblins
  7 jackals
  6 quokkas
  11 ball pythons
  2 frilled lizards (D:1)
  20 kobolds
  4 rats
  3 aspiring fleshes (Zot:4)
  3 butterflies (Zot:4)
2140 creatures vanquished.

Vanquished Creatures (collateral kills)
  A deep elf blademaster (Elf:3)
  2 ironbound preservers
  A very ugly thing (Depths:2)
  2 war gargoyles (Vaults:4)
  A yellow draconian (Zot:3)
  A dire elephant (Vaults:4)
  5 crystal guardians
  A peacekeeper (Vaults:4)
  4 dancing weapons
  A tengu warrior (Depths:1)
  A hell knight (Depths:1)
  2 deep trolls
  3 ugly things (Depths:1)
  A vault sentinel (Vaults:1)
  A spectral glowing shapeshifter (Vaults:3)
  2 spectral humans (Vaults:3)
  A human simulacrum (Vaults:3)
  9 slime creatures
  A redback (Zot:4)
40 creatures vanquished.

Vanquished Creatures (others)
  A vampire mosquito (D:13)
  A redback (Spider:2)
  A swamp worm (Swamp:2)
  A quokka (Depths:2)
  132 fulminant prisms
  2 lurking horrors (Abyss:3)
  5 starspawn tentacles (Abyss:3)
143 creatures vanquished.

Grand Total: 2323 creatures vanquished

Notes
Turn   | Place    | Note
-------+----------+-------------------------------------------
     0 | D:1      | jboons the Djinni Hexslinger began the quest for the Orb.
     0 | D:1      | jboons set off with the following spells memorised:
                  | Jinxbite, Sigil of Binding, Inner Flame, Cause Fear,
                  | Dimensional Bullseye.
     0 | D:1      | Reached XP level 1. HP: 17/17 MP: 0/0
    96 | D:1      | Reached XP level 2. HP: 18/22 MP: 0/0
   307 | D:1      | Reached XP level 3. HP: 27/27 MP: 0/0
   307 | D:1      | Learned a level 1 spell: Magic Dart
  1023 | D:2      | Found Xieli's Assorted Antiques.
  1312 | D:2      | Reached XP level 4. HP: 21/32 MP: 0/0
  1690 | D:2      | Reached XP level 5. HP: 32/37 MP: 0/0
  1690 | D:2      | Learned a level 2 spell: Static Discharge
  1816 | D:2      | Noticed Terence
  2270 | D:3      | Noticed Jessica
  2277 | D:3      | Killed Jessica
  2696 | D:3      | Reached XP level 6. HP: 24/42 MP: 0/0
  3150 | D:3      | Found a white marble altar of Elyvilon.
  3150 | D:3      | Found a sparkling altar of Nemelex Xobeh.
  3319 | D:3      | Became a worshipper of Elyvilon the Healer
  3692 | D:3      | Found a runed translucent door.
  3693 | D:3      | Noticed Crazy Yiuf
  4421 | D:4      | Reached * piety under Elyvilon
  4791 | D:4      | Noticed a black bear
  4798 | D:4      | Killed a black bear
  4799 | D:4      | Reached XP level 7. HP: 41/47 MP: 0/0
  4799 | D:4      | Learned a level 2 spell: Lesser Beckoning
  5240 | D:5      | Entered Level 5 of the Dungeon
  5244 | D:5      | Reached skill level 5 in Spellcasting
  5244 | D:5      | Reached skill level 5 in Conjurations
  5244 | D:5      | Reached skill level 5 in Hexes
  5244 | D:5      | Reached skill level 5 in Summonings
  5244 | D:5      | Reached skill level 5 in Necromancy
  5244 | D:5      | Reached skill level 5 in Translocations
  5244 | D:5      | Reached skill level 5 in Fire Magic
  5244 | D:5      | Reached skill level 5 in Ice Magic
  5244 | D:5      | Reached skill level 5 in Air Magic
  5244 | D:5      | Reached skill level 5 in Earth Magic
  5244 | D:5      | Reached skill level 5 in Alchemy
  5430 | D:5      | Identified the +12 dagger of Wavvi {freeze, rElec}
  5444 | D:5      | Reached ** piety under Elyvilon
  5490 | D:5      | Found a staircase to the Ecumenical Temple.
  5810 | D:5      | Reached XP level 8. HP: 51/58 MP: 0/0
  6008 | D:6      | You are sucked into a shaft and drop 2 floors!
  6033 | D:7      | Reached skill level 5 in Fighting
  6033 | D:7      | Reached skill level 1 in Invocations
  6182 | D:7      | Found a broken altar of Ashenzari.
  6186 | D:7      | Reached skill level 2 in Invocations
  6362 | D:7      | Reached skill level 3 in Invocations
  6505 | D:6      | Noticed Pikel
  6516 | D:7      | Killed Pikel
  6517 | D:7      | Reached skill level 5 in Invocations
  6517 | D:7      | Reached XP level 9. HP: 44/65 MP: 0/0
  6517 | D:7      | Learned a level 4 spell: Fulminant Prism
  6647 | D:7      | Noticed Maurice
  6670 | D:7      | Something stole an amulet of reflection
  6672 | D:7      | Something stole a +0 morningstar of freezing
  6673 | D:7      | HP: 3/65 [something/iceblast (15)]
  6949 | D:7      | Noticed Menkaure
  6952 | D:7      | Killed Menkaure
  7030 | D:7      | Killed Maurice
  7031 | D:7      | Reached skill level 6 in Invocations
  7185 | D:7      | Noticed Jeremiah
  7204 | D:7      | Killed Jeremiah
  7409 | D:7      | Reached skill level 7 in Invocations
  7675 | D:7      | Reached XP level 10. HP: 59/70 MP: 0/0
  8343 | D:8      | Reached skill level 8 in Invocations
  8463 | D:8      | Reached *** piety under Elyvilon
  8647 | D:8      | Reached skill level 1 in Short Blades
  8664 | D:8      | Noticed a two-headed ogre
  9119 | D:8      | Killed a two-headed ogre
  9771 | D:6      | Noticed Eustachio
  9781 | D:6      | Killed Eustachio
 10022 | D:6      | Identified the +1 pair of gloves of Mycalisoe {Str+5}
 10456 | D:6      | Reached skill level 1 in Shields
 10515 | D:6      | Reached XP level 11. HP: 52/78 MP: 0/0
 10515 | D:6      | Learned a level 5 spell: Metabolic Englaciation
 11191 | D:9      | Reached **** piety under Elyvilon
 11394 | D:9      | Noticed a two-headed ogre
 11410 | D:9      | Killed a two-headed ogre
 11526 | D:9      | Found a staircase to the Lair.
 12379 | D:9      | Found a glowing silver altar of Zin.
 12396 | D:10     | Entered Level 10 of the Dungeon
 12458 | D:10     | Noticed a cyclops
 12464 | D:10     | Reached skill level 5 in Shields
 12475 | D:10     | Killed a cyclops
 12675 | D:10     | Noticed a two-headed ogre
 12682 | D:10     | Killed a two-headed ogre
 12836 | D:10     | Found Benac's Assorted Antiques.
 13067 | D:10     | Reached skill level 10 in Fighting
 13172 | D:10     | Noticed a manticore
 13441 | D:10     | Found Cenasekk's General Store.
 13644 | D:10     | Reached ***** piety under Elyvilon
 14078 | D:11     | Reached XP level 12. HP: 58/91 MP: 0/0
 14269 | D:11     | Noticed a two-headed ogre
 14286 | D:11     | Killed a two-headed ogre
 14825 | D:12     | Noticed a sixfirhy
 14893 | D:10     | Reached skill level 5 in Dodging
 15145 | Lair:1   | Entered Level 1 of the Lair of Beasts
 15892 | Lair:1   | Reached ****** piety under Elyvilon
 16412 | Lair:2   | Identified 3 scrolls of acquirement
 16413 | Lair:2   | Acquired 1093 gold pieces
 16415 | Lair:2   | Acquired a manual of Fighting
 16417 | Lair:2   | Acquired a manual of Invocations
 16543 | Lair:2   | Noticed Maggie
 17143 | Lair:2   | Killed Maggie
 17644 | Lair:2   | Reached XP level 13. HP: 66/96 MP: 0/0
 17644 | Lair:2   | Learned a level 5 spell: Silence
 18373 | Lair:3   | Found a hole to the Spider Nest.
 18595 | Lair:3   | Noticed a four-headed hydra
 18652 | Lair:3   | Killed a four-headed hydra
 18653 | Lair:3   | Reached skill level 10 in Spellcasting
 18653 | Lair:3   | Reached skill level 10 in Conjurations
 18653 | Lair:3   | Reached skill level 10 in Hexes
 18653 | Lair:3   | Reached skill level 10 in Summonings
 18653 | Lair:3   | Reached skill level 10 in Necromancy
 18653 | Lair:3   | Reached skill level 10 in Translocations
 18653 | Lair:3   | Reached skill level 10 in Fire Magic
 18653 | Lair:3   | Reached skill level 10 in Ice Magic
 18653 | Lair:3   | Reached skill level 10 in Air Magic
 18653 | Lair:3   | Reached skill level 10 in Earth Magic
 18653 | Lair:3   | Reached skill level 10 in Alchemy
 18976 | Lair:3   | Reached skill level 10 in Dodging
 19723 | Lair:3   | Noticed a four-headed hydra
 19769 | Lair:3   | Killed a four-headed hydra
 20426 | Lair:3   | Reached skill level 15 in Fighting
 20527 | Lair:3   | Found a staircase to the Swamp.
 20860 | Lair:3   | Found a staircase to the Swamp.
 21134 | Lair:3   | Found a hole to the Spider Nest.
 21907 | Lair:4   | Reached XP level 14. HP: 109/116 MP: 0/0
 23159 | Lair:5   | Entered Level 5 of the Lair of Beasts
 23772 | Lair:5   | Reached skill level 9 in Invocations
 24049 | Lair:5   | Found a viscous altar of Jiyva.
 24050 | Lair:5   | Found a staircase to the Slime Pits.
 24420 | Lair:5   | Reached skill level 10 in Invocations
 24885 | Lair:5   | Reached skill level 11 in Invocations
 25763 | Lair:5   | Found a one-way gate to the infinite horrors of the Abyss.
 25766 | Lair:5   | Found a corrupted altar of Lugonu.
 25770 | Lair:5   | Identified the amulet "Tonnefry" {Spirit Int+4}
 26311 | Lair:5   | Found a staircase to the Slime Pits.
 26317 | Lair:5   | Found a viscous altar of Jiyva.
 26366 | Lair:5   | Reached skill level 12 in Invocations
 27070 | Lair:5   | Found a staircase to the Slime Pits.
 27076 | Lair:5   | Found a viscous altar of Jiyva.
 27388 | Lair:5   | Found a corrupted altar of Lugonu.
 27388 | Lair:5   | Found a one-way gate to the infinite horrors of the Abyss.
 28137 | D:11     | Reached XP level 15. HP: 70/126 MP: 0/0
 28137 | D:11     | Learned a level 6 spell: Plasma Beam
 29010 | D:12     | Reached skill level 13 in Invocations
 29095 | D:12     | Found a staircase to the Orcish Mines.
 29744 | D:12     | Found Todoik's Jewellery Shoppe.
 30032 | Orc:1    | Entered Level 1 of the Orcish Mines
 30148 | D:12     | Reached skill level 14 in Invocations
 31068 | Orc:2    | Entered Level 2 of the Orcish Mines
 31068 | Orc:2    | Noticed Jorgrun
 31068 | Orc:2    | Found Aycsiaqo's Alliterative Armaments.
 31075 | Orc:1    | Killed Jorgrun
 32973 | Orc:2    | Noticed Josephine
 32978 | Orc:2    | Killed Josephine
 33020 | Orc:1    | Reached XP level 16. HP: 46/132 MP: 0/0
 33681 | Orc:2    | Found a staircase to the Elven Halls.
 33750 | Orc:2    | Found Zeack's General Store.
 33750 | Orc:2    | Found Basedo's Antique Armour Boutique.
 33918 | Orc:2    | Found Hujirph's Jewellery Boutique.
 34178 | Orc:2    | Bought the ring of Lyadutov {rElec Dex+2 SInv Stlth+} for
                  | 468 gold pieces
 34218 | Orc:2    | Bought a potion of curing for 48 gold pieces
 34218 | Orc:2    | Bought a scroll of identify for 32 gold pieces
 34326 | D:10     | Bought a short smoking staff for 396 gold pieces
 34326 | D:10     | Bought a phantom mirror for 1320 gold pieces
 34544 | D:13     | Noticed Sonja
 34545 | D:13     | Killed Sonja
 34748 | D:13     | Reached skill level 1 in Evocations
 37595 | D:14     | Reached skill level 5 in Evocations
 37888 | D:14     | Noticed Urug
 38213 | D:14     | Killed Urug
 38291 | D:14     | Found a gate to the Vaults.
 39011 | D:15     | Entered Level 15 of the Dungeon
 40208 | D:15     | Reached XP level 17. HP: 104/138 MP: 0/0
 40208 | D:15     | Learned a level 6 spell: Death Channel
 40489 | D:15     | Found a staircase to the Depths.
 40932 | Swamp:1  | Entered Level 1 of the Swamp
 42024 | Swamp:2  | Reached skill level 10 in Evocations
 43134 | Swamp:2  | Found a runed translucent door.
 43135 | Swamp:2  | Noticed Azoth's ghost (adept TeGl)
 43364 | Swamp:3  | Noticed a tentacled monstrosity
 43456 | Swamp:2  | Killed a tentacled monstrosity
 44534 | Swamp:3  | Reached skill level 15 in Invocations
 44999 | Swamp:4  | Entered Level 4 of the Swamp
 45822 | Swamp:4  | Reached skill level 15 in Spellcasting
 45822 | Swamp:4  | Reached skill level 15 in Conjurations
 45822 | Swamp:4  | Reached skill level 15 in Hexes
 45822 | Swamp:4  | Reached skill level 15 in Summonings
 45822 | Swamp:4  | Reached skill level 15 in Necromancy
 45822 | Swamp:4  | Reached skill level 15 in Translocations
 45822 | Swamp:4  | Reached skill level 15 in Fire Magic
 45822 | Swamp:4  | Reached skill level 15 in Ice Magic
 45822 | Swamp:4  | Reached skill level 15 in Air Magic
 45822 | Swamp:4  | Reached skill level 15 in Earth Magic
 45822 | Swamp:4  | Reached skill level 15 in Alchemy
 46086 | Swamp:4  | Reached XP level 18. HP: 117/145 MP: 0/0
 47287 | Swamp:4  | Found a blossoming altar of Fedhas.
 47403 | Swamp:4  | Found a basalt altar of Yredelemnul.
 47417 | Swamp:4  | Got a decaying rune of Zot
 47871 | Spider:1 | Entered Level 1 of the Spider Nest
 47926 | Spider:1 | Noticed Mlioglotl
 47957 | Lair:3   | Killed Mlioglotl
 48831 | Spider:1 | Noticed Frances
 49694 | Spider:1 | Killed Frances
 49746 | Spider:1 | Noticed Roxanne
 51725 | Spider:2 | Reached XP level 19. HP: 139/150 MP: 0/0
 51725 | Spider:2 | Learned a level 6 spell: Starburst
 51726 | Spider:2 | Reached skill level 15 in Evocations
 52712 | Spider:3 | Identified the +7 rapier of Pain and Death {drain, rF+ rC+
                  | Will- Str+2}
 54077 | Spider:3 | Noticed Nikola
 54086 | Spider:3 | Killed Nikola
 54526 | Spider:4 | Entered Level 4 of the Spider Nest
 55047 | Spider:4 | Reached skill level 16 in Invocations
 55718 | Spider:4 | Noticed Arachne
 55906 | Spider:4 | Killed Arachne
 56920 | Spider:4 | Reached XP level 20. HP: 109/160 MP: 0/0
 57425 | Spider:4 | Reached skill level 17 in Invocations
 57962 | Spider:4 | Identified the +0 hat "Rienoq" {Will++ Dex-3}
 57973 | Spider:4 | Got a gossamer rune of Zot
 58338 | Elf:1    | Entered Level 1 of the Elven Halls
 59890 | Elf:1    | Paralysed by an air elemental for 1 turns
 60030 | Elf:1    | Noticed Asterion
 60481 | Elf:1    | Killed Asterion
 61185 | Elf:1    | Paralysed by an air elemental for 1 turns
 62643 | Elf:2    | Reached skill level 18 in Invocations
 62741 | Elf:2    | Found a runed translucent door.
 62753 | Elf:2    | Noticed Azoth's ghost (adept KoHu)
 63343 | Elf:2    | Found Gotic's Antique Weapon Shoppe.
 63842 | Elf:2    | Reached XP level 21. HP: 168/168 MP: 0/0
 63842 | Elf:2    | Learned a level 7 spell: Monstrous Menagerie
 63844 | Elf:2    | Found a huge runed translucent gate.
 63844 | Elf:2    | Found a huge runed translucent gate.
 63844 | Elf:2    | Found a huge runed translucent gate.
 63844 | Elf:2    | Found a huge runed translucent gate.
 63844 | Elf:2    | Found a huge runed translucent gate.
 64183 | Elf:3    | Entered Level 3 of the Elven Halls
 64379 | Elf:3    | Found Unecopec's Antique Armour Shoppe.
 64396 | Elf:3    | Bought a steaming leather armour for 217 gold pieces
 64396 | Elf:3    | Identified the +1 leather armour of the Five Xeniums {rF-
                  | rC+ rCorr} (You bought it in a shop on level 3 of the Elven
                  | Halls)
 64725 | Elf:3    | Identified the ring "Yca Jous" {rF+ Dex+3}
 65433 | Elf:3    | Identified the +0 robe of the Merwolf {Will++ Archmagi}
 66186 | Elf:3    | Noticed Mara
 66188 | Elf:3    | Identified the +6 falchion "Joexal" {heavy, Will+ Int+2}
 66189 | Elf:3    | Noticed jboons's illusion
 66194 | Elf:3    | Killed Mara
 66323 | Elf:3    | Identified the staff of the Ship {rElec rN+++ Will- rCorr
                  | Int-5 Air}
 66492 | Elf:3    | Identified the +6 ring mail of Beogh's Wrath {rPois}
 66721 | Elf:3    | Found the +8 longbow "Zephyr" {speed, Dex+3 SInv}
 66747 | Elf:3    | Identified the +1 orcbow of Tension {drain, rC+ Str+3}
 67605 | Vaults:1 | Entered Level 1 of the Vaults
 70714 | Vaults:2 | Reached XP level 22. HP: 163/175 MP: 0/0
 70998 | Vaults:2 | Reached skill level 19 in Invocations
 71726 | Vaults:2 | Found Iwodajiv's Magic Scroll Emporium.
 71732 | Vaults:2 | Bought a scroll of blinking for 82 gold pieces
 71732 | Vaults:2 | Bought a scroll of fog for 44 gold pieces
 71732 | Vaults:2 | Bought a scroll of teleportation for 33 gold pieces
 71732 | Vaults:2 | Bought a scroll of revelation for 82 gold pieces
 71997 | Vaults:2 | Elyvilon protects you from harm!
 73381 | Vaults:2 | Found Iwodajiv's Magic Scroll Emporium.
 74182 | Vaults:3 | Noticed Xtahua
 74197 | Vaults:3 | Killed Xtahua
 74392 | Vaults:3 | Noticed Zenata
 74575 | Vaults:3 | Killed Zenata
 76282 | Vaults:3 | Found a runed translucent gate.
 76282 | Vaults:3 | Found a runed translucent gate.
 76284 | Vaults:3 | Found a runed translucent gate.
 76287 | Vaults:3 | Noticed Jyghoireu's ghost (veteran HOMo)
 76313 | Vaults:3 | Found a staircase to the Crypt.
 76323 | Vaults:3 | Reached skill level 20 in Invocations
 77119 | Vaults:4 | Reached XP level 23. HP: 169/180 MP: 0/0
 77119 | Vaults:4 | Learned a level 8 spell: Maxwell's Capacitive Coupling
 77250 | Vaults:3 | Noticed Boris
 77633 | Vaults:3 | Found a staircase to the Crypt.
 77759 | Vaults:3 | Killed Boris
 78461 | Vaults:4 | Found Arecruz's Book Shoppe.
 78469 | Vaults:4 | Bought a manual of Invocations for 1600 gold pieces
 78509 | Vaults:4 | Reached skill level 10 in Shields
 81727 | D:10     | Bought a sack of spiders for 520 gold pieces
 81727 | D:10     | Bought 2 potions of invisibility for 208 gold pieces
 82017 | Crypt:1  | Entered Level 1 of the Crypt
 82244 | Vaults:3 | HP: 6/151 [laughing skull/bolt of negative energy (29)]
 83314 | Crypt:1  | Noticed Boris
 83675 | Depths:1 | Entered Level 1 of the Depths
 85276 | Depths:1 | Found a gateway to Hell.
 85619 | Depths:1 | Found a one-way gateway to a ziggurat.
 85977 | Depths:1 | Found Zutaew's Antique Weapon Shoppe.
 85984 | Depths:1 | Found Zulahaem's Magic Scroll Emporium.
 85990 | Depths:1 | Bought a scroll of revelation for 135 gold pieces
 87066 | Depths:1 | Reached XP level 24. HP: 175/187 MP: 0/0
 87337 | Depths:1 | Found a runed translucent gate.
 87338 | Depths:1 | Found a runed translucent gate.
 87339 | Depths:1 | Found a runed translucent gate.
 87339 | Depths:1 | Noticed Heckotz's ghost (veteran DEHs)
 88047 | Depths:2 | Found a flickering gateway to a bazaar.
 88054 | Bazaar   | Entered a bazaar
 88116 | Bazaar   | Found Feken's Distillery.
 88116 | Bazaar   | Found Vuogiquc's Antique Armour Emporium.
 88117 | Bazaar   | Found Ocvetse's Assorted Antiques.
 88148 | Bazaar   | Found Beijoydd's Antique Armour Shop.
 88167 | Bazaar   | Bought quicksilver dragon scales for 1800 gold pieces
 88222 | Bazaar   | Bought a potion of curing for 78 gold pieces
 88222 | Bazaar   | Bought a potion of curing for 78 gold pieces
 88222 | Bazaar   | Bought a scroll of fog for 104 gold pieces
 88222 | Bazaar   | Bought a potion of curing for 78 gold pieces
 88222 | Bazaar   | Bought a scroll of fog for 104 gold pieces
 88233 | Bazaar   | Bought a potion of invisibility for 88 gold pieces
 88233 | Bazaar   | Bought a potion of haste for 110 gold pieces
 88233 | Bazaar   | Bought a potion of heal wounds for 55 gold pieces
 88233 | Bazaar   | Bought a potion of invisibility for 88 gold pieces
 88233 | Bazaar   | Bought a potion of might for 44 gold pieces
 89233 | Depths:2 | You are sucked into a shaft and drop 1 floor!
 89263 | Depths:3 | Found Noits's Distillery.
 89273 | Depths:3 | Bought a potion of haste for 110 gold pieces
 89273 | Depths:3 | Bought a potion of heal wounds for 55 gold pieces
 89546 | Depths:2 | Found a white marble altar of Elyvilon.
 90506 | Depths:2 | Found a one-way gate leading to the halls of Pandemonium.
 90848 | Depths:2 | Found a white marble altar of Elyvilon.
 91445 | Spider:1 | Killed Roxanne
 92638 | Depths:3 | Noticed a golden dragon
 92646 | Depths:3 | Killed a golden dragon
 93930 | Depths:3 | Reached skill level 21 in Invocations
 94199 | Depths:3 | Identified the +5 kite shield of the Flute {Dex+2}
 94350 | Depths:3 | Found a shimmering altar of Xom.
 94468 | Depths:4 | Entered Level 4 of the Depths
 94716 | Depths:4 | Reached XP level 25. HP: 176/193 MP: 0/0
 94716 | Depths:4 | Learned a level 8 spell: Infestation
 94965 | Depths:4 | Noticed a juggernaut
 94969 | Depths:4 | Killed a juggernaut
 96343 | Depths:4 | Noticed a caustic shrike
 96343 | Depths:4 | Noticed a caustic shrike
 96343 | Depths:4 | Noticed a caustic shrike
 96343 | Depths:4 | Noticed a juggernaut
 96343 | Depths:4 | Noticed a caustic shrike
 96343 | Depths:4 | Noticed a caustic shrike
 96352 | Depths:4 | Killed a caustic shrike
 96352 | Depths:4 | Killed a caustic shrike
 96353 | Depths:4 | Reached skill level 22 in Invocations
 96360 | Depths:4 | Killed a caustic shrike
 96603 | Depths:4 | Killed a caustic shrike
 96611 | Depths:4 | Killed a caustic shrike
 96917 | Depths:3 | Found Noits's Distillery.
 97321 | Depths:3 | Found a shimmering altar of Xom.
 98070 | Depths:4 | Found a hazy altar of Hepliaklqana.
 98151 | Depths:4 | Killed a juggernaut
 98176 | Depths:4 | Reached skill level 23 in Invocations
 99475 | Depths:4 | Found a runed translucent door.
 99482 | Depths:4 | Found a runed translucent door.
 99487 | Depths:4 | Found a runed translucent door.
 99907 | Depths:4 | Found a runed translucent door.
 99931 | Depths:4 | Found a runed translucent door.
100018 | Depths:4 | Found a runed translucent door.
100206 | Depths:4 | Found a gate to the Realm of Zot.
100230 | Depths:4 | Found a runed translucent door.
100230 | Depths:4 | Found a runed translucent door.
100232 | Depths:4 | Found a runed translucent door.
100238 | Depths:4 | Found a runed translucent door.
100246 | Depths:4 | Found a runed translucent door.
100246 | Depths:4 | Found a runed translucent door.
100438 | Depths:4 | Found a hazy altar of Hepliaklqana.
100950 | Depths:3 | Voluntarily entered the Abyss.
100961 | Abyss:1  | Found a candlelit altar of Ignis.
101012 | Abyss:2  | Found a corrupted altar of Lugonu.
101081 | Abyss:2  | Found a corrupted altar of Lugonu.
101100 | Abyss:3  | Found a corrupted altar of Lugonu.
101333 | Abyss:3  | Reached skill level 24 in Invocations
101398 | Abyss:3  | Found a corrupted altar of Lugonu.
101438 | Abyss:3  | Found a corrupted altar of Lugonu.
101741 | Abyss:3  | Found a corrupted altar of Lugonu.
101753 | Abyss:3  | Found a corrupted altar of Lugonu.
101817 | Abyss:3  | Noticed an ancient lich
101850 | Abyss:3  | Reached XP level 26. HP: 154/290 MP: 0/0
101855 | Abyss:3  | Killed an ancient lich
101922 | Abyss:4  | Found a corrupted altar of Lugonu.
102337 | Abyss:4  | Noticed an ancient lich
102342 | Abyss:4  | Killed an ancient lich
102380 | Abyss:4  | Got an abyssal rune of Zot
102396 | Abyss:5  | Found a corrupted altar of Lugonu.
102411 | Depths:3 | Escaped the Abyss
103028 | D:2      | Bought a potion of heal wounds for 75 gold pieces
103028 | D:2      | Bought a potion of heal wounds for 75 gold pieces
103355 | Orc:2    | Bought a potion of curing for 48 gold pieces
103560 | Depths:3 | Bought a potion of curing for 33 gold pieces
103560 | Depths:3 | Bought a potion of cancellation for 88 gold pieces
103560 | Depths:3 | Bought a potion of curing for 33 gold pieces
103761 | Vaults:3 | Killed Jyghoireu's ghost
103862 | Vaults:3 | Identified the amulet of Inlacahu {rF+ rC+ Regen+ SInv}
103878 | Vaults:3 | Identified the +7 quarterstaff "Opoju" {drain, rC- Str+2
                  | Int+2 Stlth+}
104231 | Zot:1    | Entered Level 1 of the Realm of Zot
104242 | Zot:1    | Noticed an orb of fire
104245 | Zot:1    | Gained mutation: Armour fits poorly on your strangely
                  | shaped body. [an orb of fire]
104246 | Zot:1    | Killed an orb of fire
104340 | Zot:1    | Noticed an orb of fire
104342 | Zot:1    | Gained mutation: You sometimes lose your temper in combat.
                  | [an orb of fire]
104345 | Zot:1    | Killed an orb of fire
104380 | Zot:1    | Lost mutation: You sometimes lose your temper in combat.
                  | [potion of mutation]
104380 | Zot:1    | Lost mutation: Armour fits poorly on your strangely shaped
                  | body. [potion of mutation]
104380 | Zot:1    | Gained mutation: You are frail. (-10% HP) [potion of
                  | mutation]
104380 | Zot:1    | Gained mutation: You possess an exceptional clarity of
                  | mind. [potion of mutation]
108183 | Zot:3    | Reached XP level 27. HP: 180/184 MP: 0/0
108183 | Zot:3    | Learned a level 9 spell: Death's Door
109085 | Zot:3    | Found a transporter.
109223 | Zot:3    | Found a transporter.
109992 | Zot:3    | Found a transporter.
110111 | Zot:3    | Found a transporter.
111599 | Zot:4    | Noticed an orb of fire
111605 | Zot:4    | Killed an orb of fire
112316 | Zot:4    | Noticed a Killer Klown
112621 | Zot:4    | Reached skill level 25 in Invocations
112682 | Zot:4    | Identified the +11 glaive of Bedazzled True Grit {chaos,
                  | rElec rF+ SInv}
112682 | Zot:4    | Identified the +1 ring mail "Feukhyt" {rElec Regen+}
112744 | Zot:4    | Identified the +7 great sword of the Tent {chaos, ^Drain
                  | Fly SInv Stlth+}
112744 | Zot:4    | Identified the +0 scale mail "Usmeesig" {Will+ rCorr Int-4
                  | Dex+3}
112744 | Zot:4    | Noticed a Killer Klown
112753 | Zot:4    | Killed a Killer Klown
112854 | Zot:4    | Found a large runed translucent door.
112873 | Zot:4    | Noticed a Killer Klown
112881 | Zot:4    | Killed a Killer Klown
112935 | Zot:4    | Killed a Killer Klown
112960 | Zot:4    | Identified the +9 dire flail "Ogre's Undoing" {chaos,
                  | Int+3}
112960 | Zot:4    | Identified the +2 hand cannon of the Everdark {chaos, rPois
                  | rC+}
112960 | Zot:4    | Identified the +4 robe of Eloust {rC++ Dex+3}
112975 | Zot:4    | Found a large runed translucent door.
112975 | Zot:4    | Found a large runed translucent door.
112975 | Zot:4    | Identified the +9 dire flail of Resourcefulness {chaos, rF+
                  | rC++ Dex-3}
112975 | Zot:4    | Identified the +1 hand cannon of the Forest {chaos, Dex+4
                  | SInv}
112975 | Zot:4    | Identified the +0 robe "Moklowak" {Dex+3}
113139 | Zot:4    | Found a large runed translucent door.
113140 | Zot:4    | Found a large runed translucent door.
113140 | Zot:4    | Found a large runed translucent door.
113140 | Zot:4    | Found a shimmering altar of Xom.
113140 | Zot:4    | Found a large runed translucent door.
113159 | Zot:4    | Found a large runed translucent door.
113286 | Zot:5    | Entered Level 5 of the Realm of Zot
113287 | Zot:5    | Acquired a manual of Evocations
114154 | Zot:5    | Noticed a dread lich
114163 | Zot:5    | Killed a dread lich
114846 | Zot:5    | Noticed a dread lich
114850 | Zot:5    | Killed a dread lich
114885 | Zot:5    | Noticed an orb of fire
114891 | Zot:5    | Killed an orb of fire
115319 | Zot:5    | Noticed an orb of fire
115324 | Zot:5    | Killed an orb of fire
115325 | Zot:5    | Reached skill level 26 in Invocations
115651 | Zot:5    | Noticed a dread lich
115656 | Zot:5    | Killed a dread lich
115781 | Zot:5    | Noticed an ancient lich
115785 | Zot:5    | Noticed an orb of fire
115788 | Zot:5    | Gained mutation: You are weak. (Str -2) [an orb of fire]
115793 | Zot:5    | Gained mutation: You are very weak. (Str -4) [an orb of
                  | fire]
115794 | Zot:5    | Noticed a Killer Klown
115833 | Zot:5    | Noticed a dread lich
115839 | Zot:5    | Gained mutation: You occasionally shout uncontrollably at
                  | your foes. [a cacodemon]
115841 | Zot:5    | Noticed an orb of fire
115843 | Zot:5    | Gained mutation: You are agile. (Dex +4, Str/Int -1) [a
                  | cacodemon]
115844 | Zot:5    | Noticed a dread lich
115844 | Zot:5    | Noticed a Killer Klown
115853 | Zot:5    | Killed a Killer Klown
115858 | Zot:5    | Noticed a dread lich
115877 | Zot:5    | Gained mutation: You have hidden genetic defects.
                  | [mutagenic glow]
115900 | Zot:5    | Lost mutation: You possess an exceptional clarity of mind.
                  | [mutagenic glow]
115922 | Zot:5    | Lost mutation: You are agile. (Dex +4, Str/Int -1) [potion
                  | of mutation]
115922 | Zot:5    | Lost mutation: You occasionally shout uncontrollably at
                  | your foes. [potion of mutation]
115922 | Zot:5    | Lost mutation: You have hidden genetic defects. [potion of
                  | mutation]
116002 | Zot:5    | Gained mutation: Your health recovers twice as slowly from
                  | being drained. [an orb of fire]
116006 | Zot:5    | Killed an orb of fire
116015 | Zot:5    | Killed a Killer Klown
116058 | Zot:5    | Killed a dread lich
116409 | Zot:5    | Killed an orb of fire
116521 | Zot:5    | Reached skill level 27 in Invocations
116686 | Zot:5    | Killed a dread lich
116766 | Zot:5    | Killed a dread lich
117309 | Zot:5    | Killed an ancient lich
118319 | Zot:5    | Got the Orb of Zot
118487 | Depths:4 | Noticed Biuq the pandemonium lord
118492 | Depths:4 | Killed Biuq the pandemonium lord
118560 | Depths:4 | Noticed a seraph
118564 | Depths:4 | Killed a seraph
118566 | Depths:4 | Noticed Hacys the pandemonium lord
118757 | D:10     | Noticed Rusowel the pandemonium lord
118777 | D:9      | Noticed Giofa the pandemonium lord
118782 | D:9      | Killed Giofa the pandemonium lord
119008 | D:$      | Escaped with the Orb!

Illustrated notes

Levels and vault maps discovered:
D:1:      roderic_dead_forest, layout_loops_corners
D:2:      layout_loops_cross, serial_shops, shop, kennysheep_cross_room,
          serial_park_tiny_2, nicolae_concentric_dashed_squares_mild,
          uniq_terence
D:3:      layout_basic, chequers_temple_overflow_statue_of_worship,
          serial_forest, infiniplex_forest_corner_1,
          infiniplex_forest_clump_tiny, infiniplex_forest_end_2,
          infiniplex_forest_straight_4, minmay_pentomino_pile,
          uniq_crazy_yiuf_cottage, uniq_jessica
D:4:      layout_basic, hellmonk_no_cap
D:5:      layout_rooms, minmay_temple_entry_glass
D:6:      layout_rooms, uniq_pikel, uniq_eustachio
D:7:      layout_loops_ring, ashenzari_altar_1, eino_jars, uniq_maurice,
          uniq_menkaure, uniq_jeremiah
D:8:      layout_rooms
D:9:      layout_roguey, kennysheep_little_box, lair_entry_dummy
D:10:     layout_stronghold, serial_shops, shop, shop
D:11:     layout_irregular_city
D:12:     argonaut_augean_stables, layout_irregular_city, orc_0_dummy,
          serial_demonic, serial_demonic_f, serial_demonic_c, serial_demonic_d,
          serial_demonic_a, serial_shops, shop, grunt_ministairs_10
D:13:     layout_loops_corners, nicolae_hexahallways, uniq_sonja
D:14:     layout_roguey, david_vaults_3, kennysheep_small_square
D:15:     gammafunk_enter_depths_forms, layout_long_grid
Lair:1:   layout_roguey, grunt_megastairs_5, serial_bayou_shore_a
Lair:2:   layout_concentric_octagons, uniq_maggie
Lair:3:   layout_regular_city, mainiacjoe_swamp_entry_angry_trees,
          hellmonk_spider_entry_not_the_bees, serial_bayou_shore_b,
          grunt_megastairs_2
Lair:4:   layout_layer_cave, grunt_megastairs_1
Lair:5:   hellmonk_lair_end_abyssal_woods, layout_hall_layers,
          minmay_slime_entry_pillars, lemuel_fruit_fields
Swamp:1:  layout_basic_swamp, nicolae_swamp_ascending_descending
Swamp:2:  layout_basic_swamp, gammafunk_ghost_grave, serial_swamp_ruin,
          evilmike_swamp_ruin_rubble_2, evilmike_swamp_ruin_house_1
Swamp:3:  layout_basic_swamp, evilmike_swamp_ruin_house_4, swamp_pool_4
Swamp:4:  byrel_swamp_growth_death_and_undeath, layout_basic_swamp
Spider:1: layout_spider_delve, nicolae_spider_swamp_cousins, uniq_frances,
          uniq_roxanne, uniq_mlioglotl
Spider:2: layout_spider_delve
Spider:3: nicolae_spider_hilbert_zone_4 [nicolae_spider_hilbert_4_sides_2_open,
          nicolae_spider_hilbert_4_sides_1_open,
          nicolae_spider_hilbert_4_sides_1_open,
          nicolae_spider_hilbert_4_sides_1_open,
          nicolae_spider_hilbert_4_sides_1_open,
          nicolae_spider_hilbert_2_sides_1_open,
          nicolae_spider_hilbert_2_sides_1_open,
          nicolae_spider_hilbert_2_sides_1_open,
          nicolae_spider_hilbert_2_sides_1_open,
          nicolae_spider_hilbert_6_sides_1_open,
          nicolae_spider_hilbert_6_sides_1_open,
          nicolae_spider_hilbert_3_sides_1_open,
          nicolae_spider_hilbert_3_sides_1_open], uniq_nikola
Spider:4: floodkiller_spider_rune_tomb, special_room, drop_trap, uniq_arachne
Orc:1:    layout_caves, basic_altar
Orc:2:    st_orc_town, layout_caves, monkooky_shop_alliterative, uniq_jorgrun,
          uniq_josephine
Elf:1:    eino_elf_arrival_customs, layout_loops_corners,
          nicolae_elf_crossing_hall, nicolae_elf_w_pinch,
          serial_sigils_hangedman_etch, minmay_checkered_concentric_circles,
          uniq_asterion
Elf:2:    elven_hall_of_blades_hangedman_alternative
          [nicolae_blade_little_rooms], layout_geoelf_octagon,
          gammafunk_ghost_grave, serial_shops, nicolae_shop_trees
Elf:3:    elf_hall_gauntlet_narrow, layout_gridlike, serial_shops,
          nicolae_diamond_shop, hellmonk_sif_muna_bookshelves, uniq_mara
Vaults:1: nicolae_vaults_trapezoid_lopsided_1, grunt_vaults_diagonal, v_misc_5,
          layout_vaults_omnigrid
Vaults:2: v_misc_29, vaults_standard_mumra_lines, nicolae_vaults_stepped_doors,
          grunt_vaults_swirl, v_misc_13, nicolae_vaults_shock_wave,
          nicolae_vaults_heist, nicolae_vaults_apartment_2,
          ontoclasm_vaults_spin, nicolae_vaults_tangram_2,
          layout_vaults_omnibox, serial_shops, nicolae_shop_statue_plus
Vaults:3: gammafunk_ghost_necromancy, vaults_mumra_minichess_inversion,
          vaults_mumra_chevron, nicolae_vaults_triangles,
          nicolae_vaults_closet_pinwheel_6, nicolae_vaults_circle_grid_a,
          minmay_crypt_entry_simple_corners, nicolae_vaults_three_branches,
          nicolae_vaults_closet_pinwheel_3, nicolae_vaults_trapezoid_lopsided_4,
          hangedman_vaults_hat, layout_vaults_maze_snakey, uniq_zenata,
          uniq_xtahua, uniq_boris
Vaults:4: v_pattern_5, nicolae_vaults_storage_closets_2, v_misc_31,
          nicolae_vaults_sealed_display, nicolae_vaults_more_shelving_1,
          nicolae_vaults_trapezoid_3, vaults_room_large_hall,
          ontoclasm_vaults_ligature, vaults_room_door_ring,
          nicolae_vaults_tetromino_T_1, layout_vaults_omnicross, serial_shops,
          nicolae_shop_hallway_stairs
Crypt:1:  layout_catacombs, st_stairs_4, nicolae_crypt_knight_watch
Depths:1: layout_honeycomb, enter_ziggurat_f, hell_entry,
          serial_sigils_hangedman_gnaw, gammafunk_ghost_tricky_traps,
          minislime_mu, serial_bayou_shore_b, minmay_shoptagon
Depths:2: minmay_polygon_palace, layout_cave_pools, serial_shops,
          bzr_entry_lakeside, hell_entry, rand_demon_pan_entry_9,
          nicolae_lava_and_water, serial_sigils_hangedman_snap, elyvilon_altar_4
Depths:3: minmay_the_grid_octo_tiled_octocenter [minmay_the_grid_octo_clover,
          minmay_the_grid_octo_checkered, minmay_the_grid_octo_vomiting_pacman,
          minmay_the_grid_octo_fan_narrow, minmay_the_grid_octo_prize_big_c,
          minmay_the_grid_square_5x5_tie, minmay_the_grid_square_5x5_inset,
          minmay_the_grid_square_5x5_checkered,
          minmay_the_grid_square_5x5_beaten_path], layout_honeycomb,
          kennysheep_path_1, hell_entry, serial_shops,
          nicolae_shop_advertising_works [nicolae_subvault_shop_adworks],
          abyss_entry_small_statue_room
Depths:4: evilmike_zot_entry_castle, layout_basic, hell_entry,
          amcnicky_mini_pool_small, nicolae_hepliaklqana_hazy_memory,
          uniq_margery
Zot:1:    layout_twisted_circle
Zot:2:    layout_basic, grunt_ministairs_1,
          regret_index_zotdec_barnacled_alternative
Zot:3:    gammafunk_its_a_trap, layout_cathedral_of_symmetry,
          amethyst_zot_foddershock
Zot:4:    layout_misc_corridors, hangedman_xom_zot_hilarity, uniq_josephina
Zot:5:    layout_twisted_circle

Skill      XL: |  1  2  3  4  5  6  7  8  9 10 11 12 13 14 15 16 17 18 19 20 21 22 23 24 25 26 27 |
---------------+----------------------------------------------------------------------------------+-----
Ranged Weapons | 2 3 4 |  4.1
Spellcasting   | 3 4 5 6 7 8 9 10 12 13 15 16 17 19 20 21 23 | 23.2
Conjurations   | 3 4 5 6 7 8 9 10 12 13 15 16 17 19 20 21 23 | 23.2
Hexes          | 3 4 5 6 7 8 9 10 12 13 15 16 17 19 20 21 23 | 23.2
Summonings     | 3 4 5 6 7 8 9 10 12 13 15 16 17 19 20 21 23 | 23.2
Necromancy     | 3 4 5 6 7 8 9 10 12 13 15 16 17 19 20 21 23 | 23.2
Translocations | 3 4 5 6 7 8 9 10 12 13 15 16 17 19 20 21 23 | 23.2
Fire Magic     | 3 4 5 6 7 8 9 10 12 13 15 16 17 19 20 21 23 | 23.2
Ice Magic      | 3 4 5 6 7 8 9 10 12 13 15 16 17 19 20 21 23 | 23.2
Air Magic      | 3 4 5 6 7 8 9 10 12 13 15 16 17 19 20 21 23 | 23.2
Earth Magic    | 3 4 5 6 7 8 9 10 12 13 15 16 17 19 20 21 23 | 23.2
Alchemy        | 3 4 5 6 7 8 9 10 12 13 15 16 17 19 20 21 23 | 23.2
Fighting       | 4 5 6 10 16 18 19 20 22 | 22.0
Invocations    | 5 7 8 12 14 15 16 18 20 21 24 27 | 27.0
Short Blades   | 3 4 |  4.0
Shields        | 1 5 9 10 | 10.0
Dodging        | 3 8 10 | 10.0
Evocations     | 9 10 14 15 16 17 21 | 21.0

Action                     |  1- 3 |  4- 6 |  7- 9 | 10-12 | 13-15 | 16-18 | 19-21 | 22-24 | 25-27 || total
---------------------------+-------+-------+-------+-------+-------+-------+-------+-------+-------++-------
  Melee: Morningstar       |       |    65 |    20 |       |       |       |       |       |       ||    85
         Punch             |       |     3 |     2 |     3 |     1 |       |       |       |       ||     9
         Dagger            |       |       |    18 |   122 |   108 |     1 |    30 |       |     3 ||   282
         Staff             |       |       |       |       |       |     1 |       |       |       ||     1
   Fire: Sling             |    94 |    16 |       |       |       |       |       |       |       ||   110
         Longbow           |       |       |       |       |   276 |    16 |       |       |       ||   292
         Hand cannon       |       |       |       |       |       |       |       |     3 |       ||     3
   Cast: Jinxbite          |     2 |     4 |     2 |     3 |       |       |       |       |       ||    11
         Magic Dart        |       |    97 |   100 |   286 |   217 |       |       |       |       ||   700
         Sigil of Binding  |       |    21 |     1 |    34 |    52 |     6 |       |     1 |       ||   115
         Static Discharge  |       |     3 |       |     3 |       |       |       |       |       ||     6
         Inner Flame       |       |     2 |    28 |   104 |   131 |     8 |       |       |       ||   273
         Cause Fear        |       |       |     1 |     5 |     2 |       |       |       |       ||     8
         Fulminant Prism   |       |       |    19 |    28 |    82 |       |     3 |       |       ||   132
         Dimensional Bulls |       |       |     1 |       |       |       |       |       |       ||     1
         Metabolic Englaci |       |       |       |     4 |    31 |       |       |       |       ||    35
         Silence           |       |       |       |       |     2 |       |       |       |       ||     2
         Plasma Beam       |       |       |       |       |    89 |   601 |   539 |   592 |   483 ||  2304
         Starburst         |       |       |       |       |       |       |   105 |    56 |    29 ||   190
         Monstrous Menager |       |       |       |       |       |       |    14 |    34 |     9 ||    57
         Maxwell's Capacit |       |       |       |       |       |       |       |    49 |   214 ||   263
 Invoke: Heal Self         |       |       |       |       |    17 |     4 |     4 |    22 |    30 ||    77
         Divine Vigour     |       |       |       |       |     1 |     2 |     2 |     1 |     5 ||    11
  Evoke: Wand              |       |     1 |     9 |     3 |     7 |       |    34 |    13 |    14 ||    81
         Phantom mirror    |       |       |       |       |       |     1 |     3 |     1 |       ||     5
         Tin of tremorston |       |       |       |       |       |       |     2 |       |     1 ||     3
         Phial of floods   |       |       |       |       |       |       |     1 |       |       ||     1
    Use: Scroll            |     4 |     3 |     2 |    13 |    11 |     8 |     2 |    18 |    26 ||    87
         Potion            |       |       |       |       |     1 |     1 |     5 |     6 |    24 ||    37
   Stab: Sleeping          |       |     2 |       |     1 |       |       |     1 |       |       ||     4
 Armour: Robe              |    21 |    56 |    46 |   110 |   176 |   101 |   247 |   256 |   401 ||  1414
         Steam dragon scal |       |       |       |       |    95 |       |       |       |       ||    95
         Quicksilver drago |       |       |       |       |       |       |       |       |     1 ||     1
  Dodge: Dodged            |    31 |    75 |    35 |   147 |   430 |   117 |   196 |   214 |   374 ||  1619
  Block: Buckler           |       |       |       |    29 |    70 |    36 |    79 |     1 |       ||   215
         Kite shield       |       |       |       |       |       |       |       |   156 |   448 ||   604

Table legend: (Time is in decaauts)
 A = Elapsed time spent in this place.
 B = Non-inter-level travel time spent in this place.
 C = Inter-level travel time spent in this place.
 D = Time resting spent in this place.
 E = Time spent auto-exploring this place.
 F = Levels seen in this place.
 G = Mean time per level.
                   A        B        C        D        E       F      G
               +--------+--------+--------+--------+--------+-----+--------+
         Total | 119243 | 109025 |  10218 |  40027 |  53533 |  53 | 2249.9 |
       Dungeon |  29067 |  24923 |   4144 |   6461 |  14979 |  15 | 1937.8 |
          Lair |  13261 |  12233 |   1028 |   3325 |   7083 |   5 | 2652.2 |
         Swamp |   6398 |   6011 |    387 |   3124 |   2319 |   4 | 1599.5 |
   Spider Nest |  10575 |   9812 |    763 |   5144 |   3690 |   4 | 2643.8 |
  Orcish Mines |   4633 |   4226 |    407 |   2521 |   1052 |   2 | 2316.5 |
   Elven Halls |   8707 |   8094 |    613 |   3757 |   2896 |   3 | 2902.3 |
        Vaults |  15167 |  14379 |    788 |   5200 |   7780 |   4 | 3791.8 |
         Crypt |     77 |     77 |      0 |     23 |      0 |   1 |   77.0 |
        Depths |  15613 |  14221 |   1392 |   4445 |   8105 |   4 | 3903.2 |
           Zot |  14098 |  13406 |    692 |   5383 |   5536 |   5 | 2819.6 |
         Abyss |   1443 |   1443 |      0 |    582 |     56 |   5 |  288.6 |
        Bazaar |    199 |    199 |      0 |     61 |     37 |   1 |  199.0 |
               +--------+--------+--------+--------+--------+-----+--------+

Top non-repeatable levels by time:
Vaults:3: 6201 daAuts
   Zot:5: 5005 daAuts
Depths:3: 4839 daAuts
Depths:4: 4684 daAuts
Vaults:2: 4019 daAuts
    D:15: 3952 daAuts
   Elf:1: 3872 daAuts
  Lair:5: 3804 daAuts
  Lair:3: 3772 daAuts
Spider:3: 3327 daAuts
   Elf:3: 3272 daAuts
Depths:2: 3153 daAuts
   Zot:3: 3129 daAuts
Depths:1: 2937 daAuts
     D:7: 2896 daAuts
